MapleLeafs vs RedWings

Created - Saturday, October 10, 2015 at 02:15

Goals
1 2 3 T
MapleLeafs 1 0 0 1
RedWings 1 1 1 3
Shots
1 2 3 T
MapleLeafs 14 11 10 35
RedWings 8 9 13 30

1st period

1. RedWings , Shane Doan 1 (Milan Michalek, Shawn Horcoff) at 9:03
2. MapleLeafs , James van Riemsdyk 1 (James Neal, Alexander Steen) at 9:41

Penalties :
Tomas Kopecky (Det) for Goalie Interference (Minor) at 11:12, Shane Doan (Det) for Hooking (Minor) at 13:48

2nd period

3. RedWings , Nick Leddy 1 (Mark Letestu) at 10:35 (SH)

Penalties :
Martin Erat (Det) for Hooking (Minor) at 9:34, Steve Downie (Det) for Hooking (Minor) at 13:38, James Neal (Tor) for Roughing (Minor) at 18:53

3rd period

4. RedWings , Martin Erat 1 (Patrick Sharp) at 5:03 (PP)

Penalties :
Steve Downie (Det) for Interference (Minor) at 2:38, James van Riemsdyk (Tor) for Tripping (Minor) at 3:54, Milan Michalek (Det) for High sticking (Minor) at 6:39, Patrick Sharp (Det) for Hooking (Minor) at 18:20, Drew Doughty (Tor) for Tripping (Minor) at 18:25

Goalie Stats

Cory Schneider (Tor), 27 saves from 30 shots - (0.900), L, 1-1-0, 60:00 minutes
Jonas Hiller (Det), 34 saves from 35 shots - (0.971), W, 1-0-0, 60:00 minutes

Players Stats for MapleLeafs

Player Name              G  A  P  +/- PIM S  H  SB GA TA FO     MP     PP MP  PK MP  
------------------------------------------------------------------------------------
Alexander Steen          0  1  1   0  0   4  0  0  3  0  12/16  20:32   6:06   0:04 
Brandon Prust            0  0  0   0  0   0  2  0  0  0  1/1    10:06   0:00   0:00 
Brandon Sutter           0  0  0   0  0   3  1  0  3  0  4/7    11:40   0:00   2:21 
Carl Gunnarsson          0  0  0   0  0   4  1  0  0  0  0/0    11:20   0:00   0:00 
Dan Girardi              0  0  0   0  0   0  3  0  0  1  0/0    25:30   6:08   2:02 
Dominic Moore            0  0  0   0  0   0  3  1  0  0  0/0    18:04   5:10   2:11 
Drew Doughty             0  0  0   0  2   1  2  1  0  0  0/0    23:55   6:07   2:02 
James Neal               0  1  1   0  2   2  0  0  6  1  0/3    20:54   6:06   0:04 
James van Riemsdyk       1  0  1   0  2   4  2  1  5  0  0/2    18:10   6:05   0:00 
Justin Williams          0  0  0  -1  0   5  0  0  2  0  0/0    17:42   5:10   0:00 
Karl Alzner              0  0  0  -1  0   1  1  1  0  3  0/0    16:43   0:00   0:23 
Lee Stempniak            0  0  0   0  0   1  1  0  1  0  0/0     8:56   0:00   0:00 
Marc-Edouard Vlasic      0  0  0  -1  0   1  2  1  1  2  0/0    23:10   5:08   0:23 
Matt Beleskey            0  0  0  -1  0   0  0  0  3  0  0/2    11:08   0:00   0:00 
Mikko Koivu              0  0  0  -1  0   4  1  0  1  0  11/14  17:42   5:10   0:00 
Morgan Rielly            0  0  0   0  0   2  0  1  0  0  0/0    19:21   5:08   0:00 
Tomas Jurco              0  0  0   0  0   3  1  0  3  0  0/1    10:06   0:00   0:00 
Zack Smith               0  0  0   0  0   0  0  0  0  0  3/5    10:16   0:00   0:10 

Players Stats for RedWings

Player Name              G  A  P  +/- PIM S  H  SB GA TA FO     MP     PP MP  PK MP  
------------------------------------------------------------------------------------
Aaron Ekblad             0  0  0   0  0   1  4  0  0  0  0/0    19:00   2:15   0:00 
Alexei Emelin            0  0  0   0  0   3  0  2  0  1  0/0    19:07   0:10   4:44 
Chris VandeVelde         0  0  0   0  0   2  0  0  0  0  0/1    14:54   0:00   2:51 
Devante Smith-Pelly      0  0  0  -1  0   0  2  0  1  2  0/8    16:31   0:30   1:22 
Eric Gryba               0  0  0   0  0   1  1  0  0  0  0/0    18:46   0:37   4:44 
John-Michael Liles       0  0  0   0  0   0  0  0  0  0  0/0    13:09   0:00   0:00 
Mark Letestu             0  1  1   1  0   1  0  2  1  0  11/18  18:39   0:00   7:42 
Martin Erat              1  0  1  -1  2   1  1  1  1  0  0/0    14:51   0:30   0:00 
Milan Michalek           0  1  1   1  2   5  2  0  3  2  0/2    17:06   1:55   0:00 
Nick Leddy               1  0  1   1  0   3  1  1  1  3  0/0    26:38   1:09   6:32 
Patrick Sharp            0  1  1  -1  2   1  0  0  2  0  0/0    14:17   0:30   0:00 
Paul Postma              0  0  0   0  0   0  0  0  0  0  0/0     0:00   0:00   0:00 
Shane Doan               1  0  1   1  2   4  4  1  1  1  0/1    21:11   1:55   0:00 
Shawn Horcoff            0  1  1   1  0   3  0  1  1  0  8/15   14:40   1:36   0:00 
Steve Downie             0  0  0   0  4   0  2  0  1  0  1/1     6:47   0:19   0:00 
TJ Galiardi              0  0  0   1  0   0  0  1  1  2  0/5    13:58   0:00   8:11 
Tomas Kopecky            0  0  0   0  2   2  0  0  2  0  0/0    13:26   0:00   2:26 
Zbynek Michalek          0  0  0   1  0   3  3  2  0  2  0/0    23:20   0:39   6:32 

3 Stars

1 - Jonas Hiller (Det)
2 - Nick Leddy (Det)
3 - Shane Doan (Det)

Power Play

MapleLeafs - 0 on 7 Attempt(s) - 0.00%
RedWings - 1 on 3 Attempt(s) - 33.33%

Penalty Kill

MapleLeafs - 2 on 3 Attempt(s) - 66.67% - Score 0 goal in Penalty Kill
RedWings - 7 on 7 Attempt(s) - 100.00% - Score 1 goal in Penalty Kill

Team Stat

MapleLeafs - Hits : 20 - Faceoff Wins : 31 - Blocked Shots : 6 - Penalty Minutes : 6
RedWings - Hits : 20 - Faceoff Wins : 20 - Blocked Shots : 11 - Penalty Minutes : 14

Official

Referees : Unknown
Linesman : Unknown

Game Notes

9:03 of 1st period - RedWings goal is going for a video replay. After video review, Goal.

Finance

Level 1 -- Attendance: 4516 (75.27%) -- Ticket Income $451,600
Level 2 -- Attendance: 4048 (80.96%) -- Ticket Income $242,880
Level 3 -- Attendance: 1736 (86.80%) -- Ticket Income $52,080
Level 4 -- Attendance: 2951 (73.78%) -- Ticket Income $59,020
Luxury Box -- Attendance: 909 (90.90%) -- Ticket Income $154,530
Game was played at the Joe Louis Arena.
Total Attendance: 14160 (78.67%)
Total Ticket Income: $960,110
Other Income: $470,454
Total Income: $1,430,564

MapleLeafs

5 vs 5 Forward 
   Center                   Left Wing                Right Wing               Time % Phy DF OF 
 1 Alexander Steen          James van Riemsdyk       James Neal               35     1   2  2  
 2 Mikko Koivu              Matt Beleskey            Justin Williams          35     1   2  2  
 3 Brandon Sutter           Dominic Moore            Lee Stempniak            20     1   2  2  
 4 Zack Smith               Brandon Prust            Tomas Jurco              10     1   3  1  

5 vs 5 Defense 
   Defense                  Defense                                           Time % Phy DF OF 
 1 Drew Doughty             Dan Girardi                                       40     1   2  2  
 2 Marc-Edouard Vlasic      Karl Alzner                                       35     1   2  2  
 3 Morgan Rielly            Carl Gunnarsson                                   25     1   2  2  
 4 Drew Doughty             Dan Girardi                                       0      1   2  2  

PowerPlay Forward 
   Center                   Left Wing                Right Wing               Time % Phy DF OF 
 1 Alexander Steen          James van Riemsdyk       James Neal               60     0   1  4  
 2 Mikko Koivu              Dominic Moore            Justin Williams          40     0   1  4  

PowerPlay Defense
   Defense                  Defense                                           Time % Phy DF OF 
 1 Drew Doughty             Dan Girardi                                       60     0   2  3  
 2 Marc-Edouard Vlasic      Morgan Rielly                                     40     0   2  3  

Penalty Kill 4 Players Forward 
   Center                   Wing                     Time % Phy DF OF 
 1 Brandon Sutter           Dominic Moore            60     0   5  0  
 2 Alexander Steen          Mikko Koivu              40     0   5  0  

Penalty Kill 4 Players Defense
   Defense                  Defense                  Time % Phy DF OF 
 1 Drew Doughty             Dan Girardi              60     0   5  0  
 2 Marc-Edouard Vlasic      Karl Alzner              40     0   5  0  

Penalty Kill - 3 Players Forward 
   Forward                                           Time % Phy DF OF 
 1 Brandon Sutter                                    60     0   5  0  
 2 Dominic Moore                                     40     0   5  0  

Penalty Kill - 3 Players Defense
   Defense                  Defense                  Time % Phy DF OF 
 1 Drew Doughty             Dan Girardi              60     0   5  0  
 2 Marc-Edouard Vlasic      Karl Alzner              40     0   5  0  

4 vs 4 Forward 
   Center                   Wing                     Time % Phy DF OF 
 1 Alexander Steen          James Neal               60     1   2  2  
 2 Mikko Koivu              James van Riemsdyk       40     1   2  2  

4 vs 4 Defense
   Defense                  Defense                  Time % Phy DF OF 
 1 Drew Doughty             Dan Girardi              60     1   2  2  
 2 Marc-Edouard Vlasic      Karl Alzner              40     1   2  2  

Last Minutes Offensive
   Center                   Left Wing                Right Wing               Defense                  Defense                  
   Alexander Steen          James van Riemsdyk       James Neal               Drew Doughty             Dan Girardi              

Last Minutes Defensive
   Center                   Left Wing                Right Wing               Defense                  Defense                  
   Alexander Steen          James van Riemsdyk       James Neal               Drew Doughty             Dan Girardi              

Goaltenders
Starting : Cory Schneider           
Backup : Dustin Tokarski          

Extra Forwards
Normal : Lee Stempniak, Matt Beleskey, Zack Smith - PP : Lee Stempniak, Matt Beleskey - PK : Zack Smith
Extra Defensemen
Normal : Morgan Rielly, Carl Gunnarsson, Marc-Edouard Vlasic - PP : Morgan Rielly - PK : Carl Gunnarsson, Marc-Edouard Vlasic
Penalty Shots
Alexander Steen, Mikko Koivu, James van Riemsdyk, Brandon Sutter, James Neal

RedWings

5 vs 5 Forward 
   Center                   Left Wing                Right Wing               Time % Phy DF OF 
 1 Shawn Horcoff            Shane Doan               Milan Michalek           35     1   2  2  
 2 Devante Smith-Pelly      Patrick Sharp            Martin Erat              30     1   2  2  
 3 Mark Letestu             Tomas Kopecky            Chris VandeVelde         22     1   2  2  
 4 TJ Galiardi              Steve Downie             Shane Doan               13     1   2  2  

5 vs 5 Defense 
   Defense                  Defense                                           Time % Phy DF OF 
 1 Aaron Ekblad             Nick Leddy                                        35     1   2  2  
 2 Alexei Emelin            Zbynek Michalek                                   30     1   2  2  
 3 John-Michael Liles       Eric Gryba                                        22     1   2  2  
 4 Aaron Ekblad             Nick Leddy                                        13     1   2  2  

PowerPlay Forward 
   Center                   Left Wing                Right Wing               Time % Phy DF OF 
 1 Shawn Horcoff            Shane Doan               Milan Michalek           60     1   0  4  
 2 Devante Smith-Pelly      Patrick Sharp            Martin Erat              40     1   0  4  

PowerPlay Defense
   Defense                  Defense                                           Time % Phy DF OF 
 1 Aaron Ekblad             Nick Leddy                                        60     1   1  3  
 2 Zbynek Michalek          Aaron Ekblad                                      40     1   1  3  

Penalty Kill 4 Players Forward 
   Center                   Wing                     Time % Phy DF OF 
 1 Mark Letestu             TJ Galiardi              60     1   3  1  
 2 Chris VandeVelde         Tomas Kopecky            40     1   3  1  

Penalty Kill 4 Players Defense
   Defense                  Defense                  Time % Phy DF OF 
 1 Zbynek Michalek          Nick Leddy               60     1   4  0  
 2 Alexei Emelin            Eric Gryba               40     1   4  0  

Penalty Kill - 3 Players Forward 
   Forward                                           Time % Phy DF OF 
 1 Mark Letestu                                      60     1   4  0  
 2 Chris VandeVelde                                  40     1   4  0  

Penalty Kill - 3 Players Defense
   Defense                  Defense                  Time % Phy DF OF 
 1 Zbynek Michalek          Nick Leddy               60     1   4  0  
 2 Alexei Emelin            Aaron Ekblad             40     1   4  0  

4 vs 4 Forward 
   Center                   Wing                     Time % Phy DF OF 
 1 Shane Doan               Milan Michalek           60     1   2  2  
 2 Patrick Sharp            Shawn Horcoff            40     1   2  2  

4 vs 4 Defense
   Defense                  Defense                  Time % Phy DF OF 
 1 Aaron Ekblad             Nick Leddy               60     1   2  2  
 2 Zbynek Michalek          Alexei Emelin            40     1   2  2  

Last Minutes Offensive
   Center                   Left Wing                Right Wing               Defense                  Defense                  
   Shawn Horcoff            Shane Doan               Milan Michalek           Zbynek Michalek          Nick Leddy               

Last Minutes Defensive
   Center                   Left Wing                Right Wing               Defense                  Defense                  
   Shawn Horcoff            Shane Doan               Milan Michalek           Zbynek Michalek          Nick Leddy               

Goaltenders
Starting : Jonas Hiller             
Backup : Ben Scrivens             

Extra Forwards
Normal : Chris VandeVelde, Steve Downie, TJ Galiardi - PP : Chris VandeVelde, Steve Downie - PK : TJ Galiardi
Extra Defensemen
Normal : Eric Gryba, John-Michael Liles, Alexei Emelin - PP : Eric Gryba - PK : John-Michael Liles, Alexei Emelin
Penalty Shots
Shawn Horcoff, Tomas Kopecky, Mark Letestu, Devante Smith-Pelly, John-Michael Liles

% Time on Ice - MapleLeafs

Lines # - Real PCT - Wanted PCT - Time Play
Normal Forward
1 - 28% - 35% - 12:28
2 - 28% - 35% - 12:32
3 - 20% - 20% - 8:56
4 - 23% - 10% - 10:06
Normal Defense
1 - 36% - 40% - 15:46
2 - 38% - 35% - 16:56
3 - 26% - 25% - 11:20
4 - 0% - 0% - 0:00
PP Forward
1 - 54% - 60% - 6:06
2 - 46% - 40% - 5:10
PP Defense
1 - 54% - 60% - 6:08
2 - 46% - 40% - 5:08
PK Forward
1 - 100% - 60% - 2:25
2 - 0% - 40% - 0:00
PK Defense
1 - 84% - 60% - 2:02
2 - 16% - 40% - 0:23
PK3 Forward
1 - 0% - 60%
2 - 0% - 40%
PK3 Defense
1 - 0% - 60%
2 - 0% - 40%
44 Forward
1 - 100% - 60% - 2:17
2 - 0% - 40% - 0:00
44 Defense
1 - 69% - 60% - 1:34
2 - 31% - 40% - 0:43
Last Minute Offensive  - 0:00
Last Minute Defensive  - 0:00
Total
Forward - 60:00
Defense - 60:00

% Time on Ice - RedWings

Lines # - Real PCT - Wanted PCT - Time Play
Normal Forward
1 - 31% - 35% - 13:38
2 - 33% - 30% - 14:23
3 - 24% - 22% - 10:26
4 - 13% - 13% - 5:35
Normal Defense
1 - 34% - 35% - 14:47
2 - 30% - 30% - 13:25
3 - 30% - 22% - 13:09
4 - 6% - 13% - 2:41
PP Forward
1 - 79% - 60% - 1:55
2 - 21% - 40% - 0:30
PP Defense
1 - 48% - 60% - 1:09
2 - 52% - 40% - 1:16
PK Forward
1 - 75% - 60% - 8:25
2 - 25% - 40% - 2:51
PK Defense
1 - 58% - 60% - 6:32
2 - 42% - 40% - 4:44
PK3 Forward
1 - 0% - 60%
2 - 0% - 40%
PK3 Defense
1 - 0% - 60%
2 - 0% - 40%
44 Forward
1 - 100% - 60% - 2:17
2 - 0% - 40% - 0:00
44 Defense
1 - 65% - 60% - 1:29
2 - 35% - 40% - 0:48
Last Minute Offensive  - 0:00
Last Minute Defensive  - 0:00
Total
Forward - 60:00
Defense - 60:00

Play by Play

1st period


0:01 of 1st period - Alexander Steen wins face-off versus Shawn Horcoff in neutral zone.
1:13 of 1st period - Marc-Edouard Vlasic is hit by Aaron Ekblad and loses puck.
2:55 of 1st period - Patrick Sharp is hit by Brandon Prust and loses puck.
3:09 of 1st period - Off-side.
3:10 of 1st period - Shawn Horcoff wins face-off versus James Neal in neutral zone.
3:17 of 1st period - Alexander Steen is hit by Shane Doan.
3:58 of 1st period - Chris VandeVelde is hit by Brandon Sutter and loses puck.
5:26 of 1st period - Snap shot by Patrick Sharp.
5:26 of 1st period - Deflect By Devante Smith-Pelly.
5:26 of 1st period - Shot Misses the Net.
5:26 of 1st period - Puck is out of play.
5:27 of 1st period - Brandon Prust wins face-off versus Devante Smith-Pelly in MapleLeafs zone.
6:37 of 1st period - Wrist shot by Alexander Steen.
6:37 of 1st period - Stopped by Jonas Hiller without a rebound.
6:38 of 1st period - Mikko Koivu wins face-off versus TJ Galiardi in RedWings zone.
8:19 of 1st period - Snap shot by Eric Gryba.
8:19 of 1st period - Stopped by Cory Schneider without a rebound.
8:20 of 1st period - Shawn Horcoff wins face-off versus Alexander Steen in MapleLeafs zone.
8:25 of 1st period - Wrist shot by Milan Michalek.
8:25 of 1st period - Shot Misses the Net.
8:27 of 1st period - Slapshot by John-Michael Liles.
8:27 of 1st period - Deflect By Shane Doan.
8:27 of 1st period - Shot Blocked by James van Riemsdyk.
8:27 of 1st period - Puck is out of play.
8:28 of 1st period - Zack Smith wins face-off versus Mark Letestu in MapleLeafs zone.
8:35 of 1st period - Snap shot by Tomas Jurco.
8:35 of 1st period - Stopped by Jonas Hiller with a rebound.
8:41 of 1st period - Slapshot by Brandon Prust.
8:41 of 1st period - Shot Misses the Net.
8:43 of 1st period - Slapshot by Zack Smith.
8:43 of 1st period - Shot Blocked by Mark Letestu.
8:45 of 1st period - Snap shot by Tomas Jurco.
8:45 of 1st period - Stopped by Jonas Hiller without a rebound.
8:46 of 1st period - Mark Letestu wins face-off versus Tomas Jurco in RedWings zone.
8:53 of 1st period - Slapshot by Nick Leddy.
8:53 of 1st period - Stopped by Cory Schneider without a rebound.
8:54 of 1st period - Shawn Horcoff wins face-off versus Matt Beleskey in MapleLeafs zone.
8:55 of 1st period - Slapshot by Shane Doan.
8:55 of 1st period - Stopped by Cory Schneider with a rebound.
8:57 of 1st period - Slapshot by Aaron Ekblad.
8:57 of 1st period - Shot Blocked by Marc-Edouard Vlasic.
8:59 of 1st period - Slapshot by Shawn Horcoff.
8:59 of 1st period - Shot Misses the Net.
9:01 of 1st period - Snap shot by Milan Michalek.
9:01 of 1st period - Stopped by Cory Schneider with a rebound.
9:03 of 1st period - Snap shot by Shane Doan.
9:03 of 1st period - RedWings goal is going for a video replay.
9:03 of 1st period - The goal is good.
9:03 of 1st period - Goal by Shane Doan - MapleLeafs : 0 - RedWings : 1.
9:04 of 1st period - Alexander Steen wins face-off versus Devante Smith-Pelly in neutral zone.
9:23 of 1st period - Snap shot by Alexander Steen.
9:23 of 1st period - Stopped by Jonas Hiller with a rebound.
9:41 of 1st period - Slapshot by James van Riemsdyk.
9:41 of 1st period - Goal by James van Riemsdyk - MapleLeafs : 1 - RedWings : 1.
9:42 of 1st period - Shawn Horcoff wins face-off versus Mikko Koivu in neutral zone.
9:59 of 1st period - Wrist shot by Aaron Ekblad.
9:59 of 1st period - Stopped by Cory Schneider with a rebound.
10:17 of 1st period - Karl Alzner is hit by Aaron Ekblad and loses puck.
11:12 of 1st period - Minor Penalty to Tomas Kopecky for Goalie Interference.
11:13 of 1st period - Mikko Koivu wins face-off versus TJ Galiardi in RedWings zone.
11:20 of 1st period - Snap shot by Justin Williams.
11:20 of 1st period - Stopped by Jonas Hiller with a rebound.
11:22 of 1st period - Slapshot by Dan Girardi.
11:22 of 1st period - Deflect By Justin Williams.
11:22 of 1st period - Stopped by Jonas Hiller without a rebound.
11:23 of 1st period - Mikko Koivu wins face-off versus Mark Letestu in RedWings zone.
12:10 of 1st period - Off-side.
12:11 of 1st period - Alexander Steen wins face-off versus Mark Letestu in neutral zone.
12:53 of 1st period - Zbynek Michalek is hit by Marc-Edouard Vlasic and loses puck.
13:06 of 1st period - TJ Galiardi is hit by Dominic Moore and loses puck.
13:12 of 1st period - Penalty to Tomas Kopecky is over, Tomas Kopecky is back on ice.
13:12 of 1st period - Off-side.
13:13 of 1st period - Shawn Horcoff wins face-off versus Zack Smith in neutral zone.
13:24 of 1st period - Snap shot by Milan Michalek.
13:24 of 1st period - Stopped by Cory Schneider without a rebound.
13:25 of 1st period - Shawn Horcoff wins face-off versus Zack Smith in MapleLeafs zone.
13:43 of 1st period - Milan Michalek is hit by Dan Girardi.
13:47 of 1st period - Wrist shot by Tomas Jurco.
13:47 of 1st period - Shot Misses the Net.
13:48 of 1st period - Minor Penalty to Shane Doan for Hooking.
13:49 of 1st period - Alexander Steen wins face-off versus Mark Letestu in RedWings zone.
14:15 of 1st period - Off-side.
14:16 of 1st period - Mark Letestu wins face-off versus Mikko Koivu in neutral zone.
14:51 of 1st period - Snap shot by Mikko Koivu.
14:51 of 1st period - Stopped by Jonas Hiller with a rebound.
14:53 of 1st period - Wrist shot by Mikko Koivu.
14:53 of 1st period - Deflect By Justin Williams.
14:53 of 1st period - Shot Blocked by Alexei Emelin.
14:53 of 1st period - Puck is out of play.
14:54 of 1st period - Mark Letestu wins face-off versus Alexander Steen in RedWings zone.
15:47 of 1st period - Mark Letestu is hit by Mikko Koivu and loses puck.
15:48 of 1st period - Penalty to Shane Doan is over, Shane Doan is back on ice.
15:54 of 1st period - Morgan Rielly is hit by Eric Gryba and loses puck.
16:46 of 1st period - Slapshot by Milan Michalek.
16:46 of 1st period - Stopped by Cory Schneider without a rebound.
16:47 of 1st period - Zack Smith wins face-off versus Shawn Horcoff in MapleLeafs zone.
16:47 of 1st period - Zack Smith is hit by Zbynek Michalek.
17:12 of 1st period - Dan Girardi is hit by Milan Michalek and loses puck.
17:52 of 1st period - Eric Gryba is hit by Dan Girardi and loses puck.
17:59 of 1st period - Snap shot by James van Riemsdyk.
17:59 of 1st period - Stopped by Jonas Hiller with a rebound.
18:01 of 1st period - Snap shot by Carl Gunnarsson.
18:01 of 1st period - Stopped by Jonas Hiller with a rebound.
18:03 of 1st period - Slapshot by Carl Gunnarsson.
18:03 of 1st period - Shot Blocked by Martin Erat.
18:05 of 1st period - Slapshot by Carl Gunnarsson.
18:05 of 1st period - Stopped by Jonas Hiller with a rebound.
18:07 of 1st period - Slapshot by Carl Gunnarsson.
18:07 of 1st period - Stopped by Jonas Hiller with a rebound.
18:09 of 1st period - Snap shot by Alexander Steen.
18:09 of 1st period - Stopped by Jonas Hiller with a rebound.
18:18 of 1st period - Icing by John-Michael Liles.
18:19 of 1st period - Brandon Sutter wins face-off versus Devante Smith-Pelly in RedWings zone.
19:13 of 1st period - Shane Doan is hit by Tomas Jurco and loses puck.
19:18 of 1st period - Snap shot by Tomas Jurco.
19:18 of 1st period - Stopped by Jonas Hiller with a rebound.
19:40 of 1st period - Alexander Steen is hit by Shane Doan and loses puck.
19:55 of 1st period - Slapshot by James van Riemsdyk.
19:55 of 1st period - Shot Misses the Net.
19:57 of 1st period - Snap shot by Dan Girardi.
19:57 of 1st period - Shot Misses the Net.
Goals for this period are 1 for MapleLeafs vs 1 for RedWings.
Shots for this period are 14 for MapleLeafs vs 8 for RedWings.

2nd period


0:01 of 2nd period - Steve Downie wins face-off versus Matt Beleskey in neutral zone.
0:22 of 2nd period - Slapshot by Matt Beleskey.
0:22 of 2nd period - Deflect By Nick Leddy.
0:22 of 2nd period - Shot Misses the Net.
0:22 of 2nd period - Puck is out of play.
0:23 of 2nd period - Alexander Steen wins face-off versus Mark Letestu in RedWings zone.
0:46 of 2nd period - Slapshot by Alexander Steen.
0:46 of 2nd period - Shot Misses the Net.
0:48 of 2nd period - Slapshot by James van Riemsdyk.
0:48 of 2nd period - Shot Hit the Post.
0:50 of 2nd period - Slapshot by Morgan Rielly.
0:50 of 2nd period - Shot Misses the Net.
1:12 of 2nd period - Slapshot by Morgan Rielly.
1:12 of 2nd period - Deflect By Brandon Sutter.
1:12 of 2nd period - Stopped by Jonas Hiller without a rebound.
1:13 of 2nd period - Brandon Sutter wins face-off versus Shawn Horcoff in RedWings zone.
1:21 of 2nd period - Off-side.
1:22 of 2nd period - Brandon Sutter wins face-off versus Shawn Horcoff in neutral zone.
1:55 of 2nd period - Snap shot by Shane Doan.
1:55 of 2nd period - Shot Misses the Net.
1:57 of 2nd period - Snap shot by Milan Michalek.
1:57 of 2nd period - Shot Misses the Net.
1:59 of 2nd period - Wrist shot by Shane Doan.
1:59 of 2nd period - Stopped by Cory Schneider without a rebound.
2:00 of 2nd period - Mikko Koivu wins face-off versus Devante Smith-Pelly in MapleLeafs zone.
2:09 of 2nd period - Karl Alzner is hit by Martin Erat.
2:17 of 2nd period - Slapshot by Patrick Sharp.
2:17 of 2nd period - Stopped by Cory Schneider without a rebound.
2:18 of 2nd period - Mikko Koivu wins face-off versus Devante Smith-Pelly in MapleLeafs zone.
2:25 of 2nd period - Wrist shot by Mikko Koivu.
2:25 of 2nd period - Deflect By Patrick Sharp.
2:25 of 2nd period - Stopped by Jonas Hiller with a rebound.
2:45 of 2nd period - Wrist shot by Patrick Sharp.
2:45 of 2nd period - Shot Misses the Net.
3:02 of 2nd period - Icing by Alexei Emelin.
3:03 of 2nd period - Mark Letestu wins face-off versus James Neal in RedWings zone.
3:14 of 2nd period - Snap shot by Chris VandeVelde.
3:14 of 2nd period - Stopped by Cory Schneider without a rebound.
3:15 of 2nd period - Alexander Steen wins face-off versus Shawn Horcoff in MapleLeafs zone.
3:31 of 2nd period - Alexander Steen is hit by Aaron Ekblad and loses puck.
3:38 of 2nd period - Slapshot by Shawn Horcoff.
3:38 of 2nd period - Shot Misses the Net.
3:40 of 2nd period - Wrist shot by Shawn Horcoff.
3:40 of 2nd period - Stopped by Cory Schneider with a rebound.
3:42 of 2nd period - Slapshot by Shawn Horcoff.
3:42 of 2nd period - Stopped by Cory Schneider with a rebound.
3:52 of 2nd period - Snap shot by Shane Doan.
3:52 of 2nd period - Stopped by Cory Schneider with a rebound.
4:37 of 2nd period - Snap shot by Brandon Sutter.
4:37 of 2nd period - Stopped by Jonas Hiller with a rebound.
4:39 of 2nd period - Wrist shot by Lee Stempniak.
4:39 of 2nd period - Stopped by Jonas Hiller with a rebound.
4:41 of 2nd period - Slapshot by Carl Gunnarsson.
4:41 of 2nd period - Shot Misses the Net.
4:43 of 2nd period - Wrist shot by Brandon Sutter.
4:43 of 2nd period - Shot Misses the Net.
4:45 of 2nd period - Slapshot by Carl Gunnarsson.
4:45 of 2nd period - Deflect By Alexei Emelin.
4:45 of 2nd period - Stopped by Jonas Hiller with a rebound.
5:35 of 2nd period - Snap shot by Patrick Sharp.
5:35 of 2nd period - Shot Misses the Net.
5:37 of 2nd period - Snap shot by Martin Erat.
5:37 of 2nd period - Shot Misses the Net.
7:14 of 2nd period - Devante Smith-Pelly is hit by Lee Stempniak and loses puck.
7:29 of 2nd period - Wrist shot by Mark Letestu.
7:29 of 2nd period - Stopped by Cory Schneider with a rebound.
8:28 of 2nd period - Zack Smith is hit by Steve Downie and loses puck.
9:34 of 2nd period - Minor Penalty to Martin Erat for Hooking.
9:35 of 2nd period - Mikko Koivu wins face-off versus Mark Letestu in RedWings zone.
9:38 of 2nd period - Slapshot by Justin Williams.
9:38 of 2nd period - Shot Blocked by Mark Letestu.
9:40 of 2nd period - Slapshot by Drew Doughty.
9:40 of 2nd period - Deflect By Mikko Koivu.
9:40 of 2nd period - Stopped by Jonas Hiller without a rebound.
9:41 of 2nd period - Mark Letestu wins face-off versus Mikko Koivu in RedWings zone.
10:35 of 2nd period - Wrist shot by Nick Leddy.
10:35 of 2nd period - Goal by Nick Leddy - MapleLeafs : 1 - RedWings : 2.
10:36 of 2nd period - Mark Letestu wins face-off versus James van Riemsdyk in neutral zone.
11:34 of 2nd period - Penalty to Martin Erat is over, Martin Erat is back on ice.
11:51 of 2nd period - Tomas Kopecky is hit by Dominic Moore and loses puck.
12:18 of 2nd period - Slapshot by Drew Doughty.
12:18 of 2nd period - Stopped by Jonas Hiller with a rebound.
13:38 of 2nd period - Minor Penalty to Steve Downie for Hooking.
13:39 of 2nd period - Mark Letestu wins face-off versus James van Riemsdyk in RedWings zone.
14:55 of 2nd period - Mark Letestu is hit by James van Riemsdyk.
14:59 of 2nd period - Alexei Emelin is hit by Drew Doughty and loses puck.
15:06 of 2nd period - Snap shot by Alexander Steen.
15:06 of 2nd period - Stopped by Jonas Hiller without a rebound.
15:07 of 2nd period - Alexander Steen wins face-off versus Chris VandeVelde in RedWings zone.
15:38 of 2nd period - Penalty to Steve Downie is over, Steve Downie is back on ice.
15:44 of 2nd period - Zbynek Michalek is hit by Dan Girardi and loses puck.
16:24 of 2nd period - Slapshot by Marc-Edouard Vlasic.
16:24 of 2nd period - Shot Blocked by Shawn Horcoff.
16:26 of 2nd period - Slapshot by Marc-Edouard Vlasic.
16:26 of 2nd period - Deflect By Zbynek Michalek.
16:26 of 2nd period - Stopped by Jonas Hiller with a rebound.
16:28 of 2nd period - Slapshot by Zack Smith.
16:28 of 2nd period - Shot Misses the Net.
16:30 of 2nd period - Snap shot by Marc-Edouard Vlasic.
16:30 of 2nd period - Shot Misses the Net.
16:32 of 2nd period - Slapshot by Karl Alzner.
16:32 of 2nd period - Stopped by Jonas Hiller with a rebound.
16:34 of 2nd period - Slapshot by Morgan Rielly.
16:34 of 2nd period - Stopped by Jonas Hiller with a rebound.
16:54 of 2nd period - Wrist shot by Matt Beleskey.
16:54 of 2nd period - Shot Misses the Net.
17:32 of 2nd period - Brandon Sutter is hit by Zbynek Michalek and loses puck.
18:53 of 2nd period - Minor Penalty to James Neal for Roughing.
18:54 of 2nd period - Shawn Horcoff wins face-off versus Brandon Sutter in MapleLeafs zone.
19:06 of 2nd period - Slapshot by Shawn Horcoff.
19:06 of 2nd period - Shot Misses the Net.
19:08 of 2nd period - Slapshot by Eric Gryba.
19:08 of 2nd period - Shot Blocked by Dominic Moore.
19:10 of 2nd period - Wrist shot by Shawn Horcoff.
19:10 of 2nd period - Stopped by Cory Schneider with a rebound.
19:12 of 2nd period - Slapshot by Eric Gryba.
19:12 of 2nd period - Shot Misses the Net.
19:28 of 2nd period - Brandon Sutter is hit by Devante Smith-Pelly and loses puck.
19:56 of 2nd period - Karl Alzner is hit by Shane Doan and loses puck.
Goals for this period are 0 for MapleLeafs vs 1 for RedWings.
Shots for this period are 11 for MapleLeafs vs 9 for RedWings.

3rd period


0:01 of 3rd period - Shawn Horcoff wins face-off versus Brandon Sutter in neutral zone.
0:32 of 3rd period - Drew Doughty is hit by Shane Doan and loses puck.
0:45 of 3rd period - Snap shot by Brandon Sutter.
0:45 of 3rd period - Stopped by Jonas Hiller with a rebound.
0:53 of 3rd period - Penalty to James Neal is over, James Neal is back on ice.
1:22 of 3rd period - Karl Alzner is hit by Zbynek Michalek and loses puck.
1:29 of 3rd period - Wrist shot by Tomas Kopecky.
1:29 of 3rd period - Deflect By Chris VandeVelde.
1:29 of 3rd period - Stopped by Cory Schneider with a rebound.
1:31 of 3rd period - Slapshot by Alexei Emelin.
1:31 of 3rd period - Stopped by Cory Schneider without a rebound.
1:32 of 3rd period - Mikko Koivu wins face-off versus Devante Smith-Pelly in MapleLeafs zone.
1:50 of 3rd period - Snap shot by Justin Williams.
1:50 of 3rd period - Stopped by Jonas Hiller with a rebound.
1:59 of 3rd period - Off-side.
2:00 of 3rd period - Alexander Steen wins face-off versus TJ Galiardi in neutral zone.
2:12 of 3rd period - Wrist shot by James van Riemsdyk.
2:12 of 3rd period - Stopped by Jonas Hiller without a rebound.
2:13 of 3rd period - Alexander Steen wins face-off versus TJ Galiardi in RedWings zone.
2:14 of 3rd period - Snap shot by James van Riemsdyk.
2:14 of 3rd period - Shot Blocked by Zbynek Michalek.
2:16 of 3rd period - Snap shot by James van Riemsdyk.
2:16 of 3rd period - Stopped by Jonas Hiller with a rebound.
2:18 of 3rd period - Snap shot by James Neal.
2:18 of 3rd period - Stopped by Jonas Hiller with a rebound.
2:38 of 3rd period - Minor Penalty to Steve Downie for Interference.
2:39 of 3rd period - Mikko Koivu wins face-off versus Mark Letestu in RedWings zone.
3:14 of 3rd period - Wrist shot by Mikko Koivu.
3:14 of 3rd period - Shot Blocked by Zbynek Michalek.
3:33 of 3rd period - Nick Leddy is hit by Drew Doughty and loses puck.
3:54 of 3rd period - Minor Penalty to James van Riemsdyk for Tripping.
3:55 of 3rd period - Alexander Steen wins face-off versus Milan Michalek in MapleLeafs zone.
4:38 of 3rd period - Penalty to Steve Downie is over, Steve Downie is back on ice.
5:03 of 3rd period - Slapshot by Martin Erat.
5:03 of 3rd period - Goal by Martin Erat - MapleLeafs : 1 - RedWings : 3.
5:04 of 3rd period - Mikko Koivu wins face-off versus Devante Smith-Pelly in neutral zone.
5:26 of 3rd period - Icing by John-Michael Liles.
5:27 of 3rd period - Brandon Sutter wins face-off versus Devante Smith-Pelly in RedWings zone.
5:28 of 3rd period - Slapshot by Lee Stempniak.
5:28 of 3rd period - Deflect By Brandon Sutter.
5:28 of 3rd period - Shot Misses the Net.
5:28 of 3rd period - Puck is out of play.
5:29 of 3rd period - Mark Letestu wins face-off versus Brandon Sutter in RedWings zone.
5:40 of 3rd period - Slapshot by Mark Letestu.
5:40 of 3rd period - Shot Blocked by Karl Alzner.
5:42 of 3rd period - Slapshot by Zbynek Michalek.
5:42 of 3rd period - Stopped by Cory Schneider with a rebound.
5:44 of 3rd period - Slapshot by Zbynek Michalek.
5:44 of 3rd period - Stopped by Cory Schneider with a rebound.
5:46 of 3rd period - Snap shot by Zbynek Michalek.
5:46 of 3rd period - Stopped by Cory Schneider with a rebound.
5:48 of 3rd period - Wrist shot by Alexei Emelin.
5:48 of 3rd period - Stopped by Cory Schneider with a rebound.
5:50 of 3rd period - Wrist shot by Tomas Kopecky.
5:50 of 3rd period - Stopped by Cory Schneider with a rebound.
5:52 of 3rd period - Snap shot by Mark Letestu.
5:52 of 3rd period - Shot Misses the Net.
5:54 of 3rd period - Snap shot by Tomas Kopecky.
5:54 of 3rd period - Shot Misses the Net.
5:56 of 3rd period - Snap shot by Zbynek Michalek.
5:56 of 3rd period - Shot Misses the Net.
5:58 of 3rd period - Slapshot by Alexei Emelin.
5:58 of 3rd period - Stopped by Cory Schneider without a rebound.
5:59 of 3rd period - Mikko Koivu wins face-off versus Shawn Horcoff in MapleLeafs zone.
6:34 of 3rd period - Wrist shot by Mikko Koivu.
6:34 of 3rd period - Shot Blocked by Shane Doan.
6:39 of 3rd period - Minor Penalty to Milan Michalek for High sticking.
6:40 of 3rd period - Mark Letestu wins face-off versus Alexander Steen in RedWings zone.
6:50 of 3rd period - Wrist shot by James van Riemsdyk.
6:50 of 3rd period - Shot Blocked by TJ Galiardi.
6:52 of 3rd period - Wrist shot by James Neal.
6:52 of 3rd period - Stopped by Jonas Hiller without a rebound.
6:53 of 3rd period - Mark Letestu wins face-off versus James Neal in RedWings zone.
7:18 of 3rd period - Snap shot by James van Riemsdyk.
7:18 of 3rd period - Shot Blocked by Nick Leddy.
7:20 of 3rd period - Slapshot by Morgan Rielly.
7:20 of 3rd period - Stopped by Jonas Hiller with a rebound.
7:49 of 3rd period - Slapshot by Mark Letestu.
7:49 of 3rd period - Shot Misses the Net.
8:23 of 3rd period - Slapshot by Nick Leddy.
8:23 of 3rd period - Shot Blocked by Drew Doughty.
8:25 of 3rd period - Slapshot by Tomas Kopecky.
8:25 of 3rd period - Stopped by Cory Schneider with a rebound.
8:27 of 3rd period - Slapshot by Nick Leddy.
8:27 of 3rd period - Deflect By Alexander Steen.
8:27 of 3rd period - Stopped by Cory Schneider with a rebound.
8:39 of 3rd period - Penalty to Milan Michalek is over, Milan Michalek is back on ice.
8:45 of 3rd period - Alexander Steen is hit by Milan Michalek and loses puck.
8:56 of 3rd period - Snap shot by Milan Michalek.
8:56 of 3rd period - Stopped by Cory Schneider without a rebound.
8:57 of 3rd period - Zack Smith wins face-off versus Shawn Horcoff in MapleLeafs zone.
9:25 of 3rd period - Marc-Edouard Vlasic is hit by Aaron Ekblad and loses puck.
10:58 of 3rd period - Zbynek Michalek is hit by Dominic Moore and loses puck.
11:21 of 3rd period - Slapshot by Aaron Ekblad.
11:21 of 3rd period - Shot Misses the Net.
12:05 of 3rd period - Zbynek Michalek is hit by Marc-Edouard Vlasic and loses puck.
13:15 of 3rd period - Drew Doughty is hit by Devante Smith-Pelly.
13:41 of 3rd period - Wrist shot by Justin Williams.
13:41 of 3rd period - Stopped by Jonas Hiller with a rebound.
14:27 of 3rd period - Drew Doughty is hit by Nick Leddy and loses puck.
14:51 of 3rd period - Snap shot by Steve Downie.
14:51 of 3rd period - Shot Blocked by Morgan Rielly.
15:24 of 3rd period - Aaron Ekblad is hit by Carl Gunnarsson and loses puck.
15:37 of 3rd period - Snap shot by Justin Williams.
15:37 of 3rd period - Shot Misses the Net.
15:39 of 3rd period - Wrist shot by Justin Williams.
15:39 of 3rd period - Stopped by Jonas Hiller without a rebound.
15:40 of 3rd period - Mikko Koivu wins face-off versus TJ Galiardi in RedWings zone.
15:50 of 3rd period - Snap shot by Mikko Koivu.
15:50 of 3rd period - Stopped by Jonas Hiller with a rebound.
15:56 of 3rd period - Snap shot by Justin Williams.
15:56 of 3rd period - Shot Misses the Net.
16:36 of 3rd period - John-Michael Liles is hit by James van Riemsdyk and loses puck.
16:49 of 3rd period - Patrick Sharp is hit by Brandon Prust and loses puck.
17:07 of 3rd period - Karl Alzner is hit by Steve Downie and loses puck.
17:18 of 3rd period - Snap shot by Mark Letestu.
17:18 of 3rd period - Shot Misses the Net.
17:30 of 3rd period - Zbynek Michalek is hit by Karl Alzner and loses puck.
18:20 of 3rd period - Minor Penalty to Patrick Sharp for Hooking.
18:21 of 3rd period - Mark Letestu wins face-off versus Alexander Steen in RedWings zone.
18:25 of 3rd period - Minor Penalty to Drew Doughty for Tripping.
18:26 of 3rd period - Alexander Steen wins face-off versus Milan Michalek in MapleLeafs zone.
19:05 of 3rd period - Snap shot by Milan Michalek.
19:05 of 3rd period - Stopped by Cory Schneider without a rebound.
19:06 of 3rd period - Alexander Steen wins face-off versus Shane Doan in MapleLeafs zone.
19:17 of 3rd period - Snap shot by James Neal.
19:17 of 3rd period - Shot Misses the Net.
19:19 of 3rd period - Slapshot by Morgan Rielly.
19:19 of 3rd period - Shot Blocked by Alexei Emelin.
Goals for this period are 0 for MapleLeafs vs 1 for RedWings.
Shots for this period are 10 for MapleLeafs vs 13 for RedWings.